Map: 虚空撕裂

Players

二年级二班永亮

  • Race: Zerg Zerg
  • League: Gold

悲觞乁述祱微笑

  • Race: Terran Terran
  • Spawn Location: 6:00

VOD

Have the link to the VOD?

Description

Time

  • Played on: March 13, 2018, 8:26 a.m.
  • Length: 15:06
Show
View Real Time Build Order
Export as new Build Order

二年级二班永亮 Zerg 

Build Orders:  

Get SALT Encoding   

  12  0:03  Infested SCV  
  13  0:12  Infested SCV  
  13  0:18  Infested SCV  
  15  0:31  Overlord  
  15  0:56  Infested SCV x2  
  17  1:05  Infested SCV  
  18  1:34  Infested SCV  
  18  1:35  Infested Command Center  
  18  1:38  Infested SCV  
  20  1:53  Overlord  
  20  2:09  Infested Barracks, Infested SCV  
  21  2:14  Infested Refinery  
  21  2:24  Infested Refinery  
  21  2:25  Infested SCV  
  22  2:41  Infested Engineering Bay  
  22  2:45  Infested SCV  
  23  3:01  Infested SCV  
  24  3:13  Infested SCV  
  25  3:22  Anaerobic Enhancement  
  25  3:31  Infested SCV  
  25  3:32  Infested SCV x2  
  25  3:33  Infested SCV  
  29  3:57  Infested Bunker  
  33  4:14  Infested Command Center  
  33  4:16  Infested SCV x2  
  33  4:17  Infested SCV x2  
  37  4:41  Infested SCV x3  
  37  4:46  Overlord x2  
  40  4:50  Infested Barracks Tech Lab  
  40  4:54  Stukov Infantry Weapons Level 1  
  40  5:30  Infested Colonist Compound  
  40  5:36  Infested Bunker  
  40  5:37  Infested Bunker  
  40  5:39  Infested Factory  
  48  5:51  Infested SCV  
  48  5:52  Infested SCV  
  50  6:24  Infested Bunker  
  50  6:37  Infestation Level 1  
  49  7:26  Infested Bunker  
  57  7:37  Stukov Infantry Weapons Level 2  
  61  7:46  Infested Bunker  
  61  8:13  Infested Bunker  
  61  8:23  Overlord  
  61  8:24  Overlord x4  
  61  8:34  Infested Armory  
  61  8:37  Broodling Gestation  
  61  8:47  Overlord x3  
  65  9:02  Infested Bunker  
  61  9:55  Infested Bunker  
  77  10:00  Infested Bunker  
  77  10:07  Infestation Level 2  
  77  10:16  Retinal Augmentation  
  77  10:42  Infested Bunker  
  77  10:47  Regenerative Plating  
  77  11:16  Plagued Munitions  
  85  11:21  Infested Bunker  
  85  11:30  Infested Bunker  
  85  11:47  Calcified Armor  
  97  12:07  Infestation Level 3  
  97  12:08  Infested Bunker  
  97  12:09  Infested Bunker  
  97  12:10  Infested Bunker  
  97  12:15  Infested Bunker  
  97  12:20  Infested Bunker  
  97  12:21  Infested Bunker  
  97  12:48  Infested Marine  
  97  12:49  Infested Marine x6  
  104  12:50  Infested Marine x6  
  110  13:08  Infested Bunker  
  110  13:16  Infested Marine  
  110  13:17  Infested Marine x3  
  110  13:18  Infested Marine x7  
  121  13:21  Infested Marine x2  
  121  13:26  Infested Bunker  
  123  13:31  Infested Bunker  
  123  13:33  Infested Bunker  
  117  13:45  Infested Bunker  
  117  13:46  Infested Marine  
  117  13:47  Infested Marine x2  
  117  13:48  Infested Marine x2  
  117  13:49  Infested Marine  
  112  13:57  Infested Bunker, Infested Marine  
  113  14:05  Infested Marine  
  113  14:06  Infested Marine  
  113  14:09  Infested Marine  
Show
View Real Time Build Order
Export as new Build Order

悲觞乁述祱微笑 Terran 

Build Orders:  

Get SALT Encoding   

  12  1:20  Supply Depot  
Tags
 
Commander
RaynorStukov
League
Gold
Matchup
Co-op
Replay Pack
Co-op Speedrun
Add a new tag
Caveats
  • Supply blocks, unpowered buildings, or Contaminate may cause inaccurate times.
  • Supply counts are checked every 10 seconds.